 Dungeon Crawl Stone Soup version 0.23.2-1-ga50397a (webtiles) character file.

Game seed: 7606013150412084094

178 Nydiazath the Sneak (level 5, -5/24 HPs)
             Began as a Spriggan Enchanter on May 3, 2019.
             Was an Initiate of Okawaru.
             Killed by divine providence
             ... invoked by an orc priest
              (14 damage)
             ... on level 4 of the Dungeon.
             The game lasted 00:11:52 (3155 turns).

Nydiazath the Sneak (Spriggan Enchanter)            Turns: 3155, Time: 00:11:52

Health: -5/24      AC:  3    Str:  4    XL:     5   Next: 32%
Magic:  21/22      EV: 18    Int: 17    God:    Okawaru [......]
Gold:   170        SH:  0    Dex: 17    Spells: 8/14 levels left

rFire    . . .     SeeInvis +   a - +1 dagger
rCold    . . .     Gourm    .   (shield restricted)
rNeg     . . .     Faith    .   b - +1 robe
rPois    .         Spirit   .   (helmet restricted)
rElec    .         Reflect  .   (no cloak)
rCorr    .         Harm     .   (gloves unavailable)
MR       .....                  (boots unavailable)
Stlth    ++++......             (no amulet)
HPRegen  0.08/turn              f - ring of magical power
MPRegen  0.18/turn              (no ring)

@: very quick
A: very small, unfitting armour, see invisible, herbivore, speed 3, slow
metabolism 2
a: Renounce Religion


You were on level 4 of the Dungeon.
You worshipped Okawaru.
Okawaru was noncommittal.
You were not hungry.

You visited 1 branch of the dungeon, and saw 4 of its levels.

You collected 170 gold pieces.

Inventory:

Hand Weapons
 a - a +1 dagger (weapon)
Armour
 b - a +1 robe (worn)
Jewellery
 f - a ring of magical power (left hand)
Scrolls
 c - 2 scrolls of enchant armour
 d - a scroll of fog
Potions
 e - a potion of degeneration {unknown}
 h - a potion of cancellation
 j - a potion of lignification {unknown}
 k - a potion of brilliance


   Skills:
 - Level 1.1 Short Blades
 - Level 3.0 Dodging
 + Level 7.3 Stealth
 + Level 5.2 Spellcasting
 - Level 3.6 Hexes


You had 8 spell levels left.
You knew the following spells:

 Your Spells              Type           Power        Failure   Level  Hunger
a - Corona                Hex            ###....      3%          1    None
b - Ensorcelled Hibernat  Hex/Ice        ##....       10%         2    #......
c - Confuse               Hex            ###.....     10%         3    ###....

Your spell library contained the following spells:

 Spells                   Type           Power        Failure   Level  Hunger
 Tukima's Dance           Hex            ###.....     10%         3    ###....
 Dazzling Spray           Conj/Hex       ##....       21%         3    ###....


Dungeon Overview and Level Annotations

Branches:
Dungeon (4/15)
 Temple: D:4-7

Altars:
Okawaru
Yredelemnul
The Shining One


Innate Abilities, Weirdness & Mutations

You are very small and have problems with some larger weapons.
You are too small for most types of armour.
You have supernaturally acute eyesight. (SInv)
You are a herbivore.
You cover ground extremely quickly.
You need to consume almost no food.


Message History

You are confused.
The orc priest hits you.
The orc priest looks satisfied for a moment.
You're too confused to move!
The orc priest mumbles some strange prayers to Beogh against you.
Beogh smites you!
Ouch! That really hurt!
You feel less confused. The orc priest closely misses you.
As you read the scroll of teleportation, it crumbles to dust.
You feel strangely unstable. The quokka misses you.
The orc wizard mumbles some strange words.
The orc wizard flickers and vanishes for a moment.
Things that are here:
a +0 short sword; a +0 leather armour; an orc corpse Your surroundings suddenly seem different.
The orc priest calls down the wrath of Beogh upon you.
Beogh smites you!
Ouch! That really hurt!
You die...

....#....#.....#
....#..(.#.....#
...####'#.....#
#.......# #..[....#
#....)..# #...r...#
#######.......#
#...@........o#
#..........oo.#
#........!....#####
#.................#
#..?..............#
#........)....>...#
#................?#
#......%..........#
...............#


You could see an orc priest and a quokka.

Vanquished Creatures
  A centaur skeleton (D:4)
  7 adders
  2 oozes
  4 worms
  4 dart slugs
  2 leopard geckos
  2 orcs (D:4)
  2 giant cockroaches
  4 goblins
  5 hobgoblins
  A quokka (D:2)
  11 bats
  6 frilled lizards
  8 kobolds
  7 rats
66 creatures vanquished.

Notes
Turn   | Place    | Note
-------+----------+-------------------------------------------
     0 | D:1      | Nydiazath the Spriggan Enchanter began the quest for the
                  | Orb.
     0 | D:1      | Reached XP level 1. HP: 9/9 MP: 5/5
   184 | D:1      | Reached XP level 2. HP: 9/13 MP: 5/7
   188 | D:1      | Learned a level 2 spell: Ensorcelled Hibernation
   266 | D:1      | Reached skill level 5 in Stealth
  1284 | D:2      | Reached XP level 3. HP: 16/16 MP: 9/9
  1289 | D:2      | Learned a level 3 spell: Confuse
  1390 | D:2      | Reached skill level 6 in Stealth
  1708 | D:2      | Reached XP level 4. HP: 20/21 MP: 2/11
  2317 | D:2      | Found a glowing golden altar of the Shining One.
  2319 | D:2      | Noticed an angel
  2392 | D:2      | Found a basalt altar of Yredelemnul.
  2394 | D:2      | Noticed a profane servitor
  2673 | D:2      | Found an iron altar of Okawaru.
  2681 | D:2      | Became a worshipper of Warmaster Okawaru
  2868 | D:3      | Found a faded altar of an unknown god.
  2941 | D:3      | Reached skill level 7 in Stealth
  2941 | D:3      | Reached XP level 5. HP: 24/24 MP: 8/13
  2980 | D:3      | Reached skill level 5 in Spellcasting
  2996 | D:3      | You fall through a shaft!
  3155 | D:4      | Killed from afar by an orc priest

Skill      XL: |  1  2  3  4  5 |
---------------+----------------+-----
Spellcasting   | 3 4 5 |  5.2
Stealth        | 5 6 7 |  7.3
Short Blades   | |  1.1
Dodging        | |  3.0
Hexes          | |  3.6

Action                   |  1- 3 |  4- 6 || total
-------------------------+-------+-------++-------
Melee: Dagger            |    99 |    88 ||   187
 Cast: Corona            |     7 |       ||     7
       Ensorcelled Hiber |    24 |    26 ||    50
       Confuse           |     2 |     7 ||     9
  Use: Scroll            |     8 |     3 ||    11
       Potion            |     1 |       ||     1
 Stab: Sleeping          |    18 |    22 ||    40
       Confused          |       |     5 ||     5
  Eat: Ration            |       |     2 ||     2
Armor: Robe              |    15 |    19 ||    34
Dodge: Dodged            |   119 |   106 ||   225
